Unix NetHack Version 3.7.0-73 Work-in-progress - last build Feb 17 2023 02:16:44 (48fe2e8c4a70f1d2d5b622443eb9b5bc1b8d05f7,branch:master). Game began 2023-02-20 23:22:04, ended 2023-02-20 23:30:56. microlance, chaotic male human Priest # --.-------- |........>| |.........| --------------- |..........# ------ |.=..?@[%)!+..-# |.........|# ###.<.+.| |i/!?*!%..[(.@|### ----.-.----# ################ |....| |/!!!.%!(!)=[.| ## # #### # # |....| |!+%*?)(!?(!*.| ####### # ####`# # |....| |/[(/!!%![(!%.| ###### ##### # ###################.....| --------------- #--|--%----- ##--------.--- # |....| #|.%.......| #|.....>....| ------ #.%........| #|..........| |....)....| #|..........| |..[......| #|.......%.(. |.........| #|..........| |.........| #-.......)..| ----------- ------------ Microlance the Acolyte St:14 Dx:13 Co:11 In:12 Wi:17 Ch:8 Chaotic S:458 Dlvl:3 $:0 HP:42(42) Pw:52(52) AC:0 Xp:4/82 T:1422 Satiated Latest messages: 10 poisoned shuriken; you sold them for 25 gold pieces. Your movements are now unencumbered. You see here a blessed scroll labeled PRATYAVAYAH (for sale, 178 zorkmids). You see here a cursed scroll labeled PRATYAVAYAH (for sale, 133 zorkmids). "For you, most gracious sir; only 133 zorkmids for this scroll labeled PRATYAVAYAH." You have a little trouble lifting L - a cursed scroll labeled PRATYAVAYAH (unpaid, 133 zorkmids). Your movements are slowed slightly because of your load. You see here a murky potion (for sale, 178 zorkmids). You see here a Fruit (for sale, 23 zorkmids). You see here a cursed scroll of identify (for sale, 27 zorkmids). "For you, most gracious sir; only 27 zorkmids for this scroll of identify." You have a little trouble lifting M - a cursed scroll of identify (unpaid, 27 zorkmids). You see here a crystal wand (for sale, 200 zorkmids). "For you, esteemed sir; only 200 zorkmids for this crystal wand." You have a little trouble lifting N - a crystal wand (unpaid, 200 zorkmids). What do you want to put on? [y or ?*] You don't have that object. What do you want to put on? [y or ?*] y - a hexagonal amulet (being worn). You see here a key (for sale, 13 zorkmids). You see here a swirly potion (for sale, 178 zorkmids). You see here a blessed scroll labeled PRATYAVAYAH (for sale, 178 zorkmids). You see here a black gem (for sale, 3333 zorkmids). You see here 2 tripe rations (for sale, 40 zorkmids). You see here a turquoise spellbook (for sale, 133 zorkmids). You see here a key (for sale, 13 zorkmids). You see here a plate mail (for sale, 800 zorkmids). You see here a glass wand (for sale, 267 zorkmids). You see here a turquoise spellbook (for sale, 133 zorkmids). You see here a ruby potion (for sale, 356 zorkmids). You see here an effervescent potion (for sale, 67 zorkmids). What do you want to drop? [$a-fi-lrswyEH-N or ?*] You drop a cursed scroll labeled PRATYAVAYAH (unpaid, 133 zorkmids). What do you want to drop? [$a-fi-lrswyEH-KMN or ?*] You drop a scroll of amnesia (unpaid, 267 zorkmids). What do you want to drop? [$a-fi-lrswyEHIKMN or ?*] You drop a cursed scroll of identify (unpaid, 27 zorkmids). Your movements are now unencumbered. You see here a blindfold (for sale, 27 zorkmids). What do you want to read? [HIK or ?*] As you read the scroll, it disappears. You have found a scroll of genocide! Wiped out all humans. But wait... Your medallion begins to glow! You feel much better! The medallion crumbles to dust! Your movements are slowed slightly because of your load. Unfortunately you are still genocided... Bordeyri comes and takes all your possessions. Inventory: Weapons (')') k - 21 +0 darts (at the ready) a - a blessed +1 mace (weapon in hand) Armor ('[') E - a +0 orcish helm (being worn) c - a +0 small shield (being worn) b - a +0 robe (being worn) w - a +0 splint mail (being worn) Comestibles ('%') e - a clove of garlic r - 2 melons f - a sprig of wolfsbane Scrolls ('?') K - a scroll of enchant armor I - a scroll of teleportation Potions ('!') s - a cursed potion of enlightenment d - 4 potions of holy water Rings ('=') l - a +0 ring of adornment (on left hand) Wands ('/') N - a wand of digging (0:6) Tools ('(') i - a tin opener Gems/Stones ('*') j - a luckstone Microlance the Priest's attributes: Background: You were an Acolyte, a level 4 human Priest. You were chaotic, on a mission for Huan Ti who was opposed by Shan Lai Ching (lawful) and Chih Sung-tzu (neutral). You were in the Dungeons of Doom, on level 3. You entered the dungeon 1422 turns ago. It was nighttime. There was a new moon in effect when your adventure ended. You had 82 experience points, 78 more were needed to attain level 5. Your score was 458 before end-of-game adjustments. Basics: You had all 42 hit points. You had all 52 energy points (spell power). Your armor class was 0. Your wallet was empty. Autopickup was on, but temporarily disabled while inside the shop. Final Characteristics: Your strength was 14 (limit:18/100). Your dexterity was 13 (limit:18). Your constitution was 11 (peak:12, limit:18). Your intelligence was 12 (limit:18). Your wisdom was 17 (limit:18). Your charisma was 8 (limit:18). Final Status: You were satiated. You were unencumbered. You were wielding a mace. You had basic skill with mace. Final Attributes: You were devoutly aligned. You saw invisible. You were charismatic. You were guarded. You were lucky. You had extra luck. Bad luck did not time out for you. Good luck did not time out for you. You are dead. Miscellaneous: You disabled loading of bones levels. Total elapsed playing time was 8 minutes and 51 seconds. Major events: Turn 1: microlance the chaotic human Priest entered the dungeon 937: attained the rank of Acolyte (level 3) 1422: performed his first genocide (humans) 1422: killed by a scroll of genocide, while attempting to cheat Death Vanquished creatures: a shrieker a kobold leader a wererat a hobgoblin a giant rat a yellow mold 2 geckos 2 jackals 2 foxes 3 kobolds a goblin 4 grid bugs a lichen 2 kobold zombies 3 newts 26 creatures vanquished. Genocided species: humans 1 species genocided. Voluntary challenges: You read items or engraved 7 times. You never engraved Elbereth. You genocided 1 type of monster. You never polymorphed an object. You never changed form. You used no wishes. Achievements: You attained the rank of Acolyte. You entered a shop. The Dungeons of Doom: levels 1 to 3 Level 1: A grave. Level 2: An altar. Level 3: <- You were here. A general store. Final resting place for you, killed by a scroll of genocide, while attempting to cheat Death. Game over: ---------- / \ / REST \ / IN \ / PEACE \ / \ | microlance | | 0 Au | | killed by a | | scroll of | | genocide | | | | 2023 | *| * * * | * _________)/\\_//(\/(/\)/\//\/|_)_______ Goodbye microlance the Priest... You were genocided in The Dungeons of Doom on dungeon level 3 with 458 points, and 0 pieces of gold, after 1422 moves. You were level 4 with a maximum of 42 hit points when you were genocided.